cohdb
Replays
Latest Replays
All Replays
Popular Replays
Top Player Replays
Match Explorer
How It Works
Community
CoH3 Stats
Reddit
Sign in to upload your games and track your stats! →
Sign in with Steam
Match 40997613
Unlisted
Match 40997613
Overview
Messages
Build Orders
End
Panzergrenadier Squad
Selects Panzerjäger Kommand Battlegroup
Selects Blockade Equipment
250 Light Carrier
Panzergrenadier Squad
Construct Light Support Kompanie
MG34 Team
Fire Support Elements
Assault Mechanized Group
2.5-tonne Medical Truck
Pak 38 Anti-tank Gun Team
Selects Defensive Positions
Selects Butterfly Bomb Drop
Construct Panzerarmee Kommand
Assault Mechanized Group
Panzer III L Medium Tank
Selects GrB 39 Grenade Launcher Requisition
Butterfly Bomb Drop
Selects Crew Shock Tactics
Panzer III L Medium Tank
Butterfly Bomb Drop
Selects Anti-tank Overwatch
Tungsten Core Ammunition
Panzer III L Medium Tank
Walking Stuka Rocket Launcher
Emergency Repair Kits
Butterfly Bomb Drop
Anti-tank Overwatch
Thrawn
Pain_Reliever
SchoKaffee
DoMxNightM4rE
zintoko
Insurmountable Odds
0
0
Comments
sign in to comment!
No comments posted yet!